 Dungeon Crawl Stone Soup version 0.32-a0-898-g7811c86cf0 (webtiles) character file.

Game seed: 17886927853034105411

139 runemasterragnar the Shooter (level 5, -3/40 HPs)
             Began as a Coglin Hunter on Apr 5, 2024.
             Slain by Grinder (7 damage)
             ... while paralysed by Grinder
             ... on level 3 of the Dungeon.
             The game lasted 00:02:11 (2452 turns).

runemasterragnar the Shooter (Coglin Hunter)        Turns: 2452, Time: 00:02:12

Health: -3/40      AC:  3    Str: 11    XL:     5   Next: 22%
Magic:  5/5        EV:  2    Int:  9    God:
Gold:   137        SH:  0    Dex: 19    Spells: 4/4 levels left

rFire   . . .        j - staff of earth {Chakide}
rCold   . . .        (no shield)
rNeg    . . .        c - +0 leather armour
rPois   .            (no helmet)
rElec   .            (no cloak)
rCorr   .            (no gloves)
SInv    .            (no boots)
Will    .....        (amulet unavailable)
Stlth   ++           (ring unavailable)
HPRegen 0.26/turn    (ring unavailable)
MPRegen 0.09/turn    (no gizmo)

%: no passive effects
@: paralysed, mighty, revving
A: off-hand wielding, slow wielding, warmup strikes, no jewellery
a: Invent Gizmo


You were on level 3 of the Dungeon.
You visited 1 branch of the dungeon, and saw 3 of its levels.

You collected 137 gold pieces.

Inventory:

Hand Weapons
 a - a +2 sling {Yan}
 d - a +0 sling {Enrique}
Armour
 c - a +0 leather armour (worn)
Magical Staves
 j - a staff of earth (weapon) {Chakide}
Scrolls
 e - a scroll of identify {unknown}
 f - 3 scrolls of enchant weapon {unknown}
 i - a scroll of amnesia {unknown}
 k - a scroll of teleportation {unknown}
Potions
 g - 3 potions of might
 h - a potion of curing


   Skills:
 + Level 2.9 Fighting
 * Level 4.5 Ranged Weapons
 + Level 2.6 Dodging
 + Level 2.0 Stealth


You had 4 spell levels left.
You didn't know any spells.
Your spell library contained the following spells:

 Spells                   Type           Power      Damage    Failure   Level
 Ensorcelled Hibernation  Hex/Ice        0%         N/A       63%         2
 Fugue of the Fallen      Necr           0%         N/A       85%         3
 Anguish                  Hex/Necr       0%         N/A       99%         4


Dungeon Overview and Level Annotations

Branches:
Dungeon (3/15)

Altars:
Hepliaklqana
Okawaru

Annotations:
D:3 Grinder


Innate Abilities, Weirdness & Mutations

You can wield a second weapon in your off-hand.
It takes a long time for you to wield or remove held weapons.
Your first few attacks do less damage.
You cannot equip rings or amulets.


Message History

You welcome your staff of earth "Chakide" into your grasp.
Unknown command.
You climb downwards.
Level annotation: Grinder
There is a stone staircase leading up here.
You feel very mighty all of a sudden.
You hit Grinder!
Grinder is lightly wounded.
Grinder hits you! x2; You writhe in agony.
You barely miss Grinder.
Grinder is lightly wounded.
Grinder hits you!
* * * LOW HITPOINT WARNING * * *
You writhe in agony.
* * * LOW HITPOINT WARNING * * *
You barely miss Grinder.
Grinder is lightly wounded.
Grinder blinks!
Unknown command.
You hit Grinder.
Grinder is moderately wounded.
Grinder closely misses you.
You hit Grinder.
Grinder is heavily wounded.
Grinder hits you.
* * * LOW HITPOINT WARNING * * *
You writhe in agony.
* * * LOW HITPOINT WARNING * * *
Unknown command.
You barely miss Grinder.
Grinder is heavily wounded.
Grinder blinks!
There is a stone staircase leading up here.
Grinder gestures at you.
You suddenly lose the ability to move!
You stop ascending the stairs.
Grinder gestures at you.
You shrug off the repeated paralysis!
Grinder hits you!
You die...
Grinder sighs, "Dead already?
I want a refund."

##.b........ ##.######
#ob†.)...... #.# #
#b######.### #.## #5# .#
#..## #b# ##. ##..#### ###.#
#5. ##..... #bb.#####.#
#####..##.
#.bb....#.##########.....###.
#######)#..5@........###.###.
#...##...############ #.##..
#...##..## #######.####
#.......# #.......#
#...###.### #.......#
#....##...## #.......#
#....##.#..### #.......##
##...........# #........#
#...........# #......#.#


You could see Grinder.

Vanquished Creatures
  An orc wizard (D:3)
  Robin (D:2)
  2 adders (D:2)
  A dart slug (D:2)
  4 orcs (D:3)
  11 endoplasms
  3 giant cockroaches
  10 goblins
  8 hobgoblins
  2 quokkas (D:1)
  8 ball pythons
  6 bats
  3 frilled lizards
  7 kobolds
  8 rats
75 creatures vanquished.

Notes
Turn   | Place    | Note
-------+----------+-------------------------------------------
     0 | D:1      | runemasterragnar the Coglin Hunter began the quest for the
                  | Orb.
     0 | D:1      | Reached XP level 1. HP: 16/16 MP: 1/1
   108 | D:1      | Reached skill level 1 in Stealth
   142 | D:1      | Reached XP level 2. HP: 22/22 MP: 2/2
   367 | D:1      | Reached XP level 3. HP: 27/27 MP: 3/3
   368 | D:1      | Reached skill level 4 in Ranged Weapons
   390 | D:1      | Found a faded altar of an unknown god.
  1345 | D:2      | Reached XP level 4. HP: 34/34 MP: 4/4
  1347 | D:2      | Noticed Robin
  1363 | D:2      | Killed Robin
  2158 | D:3      | Found an iron altar of Okawaru.
  2162 | D:3      | Found a hazy altar of Hepliaklqana.
  2170 | D:3      | Noticed Grinder
  2179 | D:3      | Reached XP level 5. HP: 15/40 MP: 5/5
  2444 | D:3      | HP: 2/40 [Grinder (3)]
  2448 | D:3      | Paralysed by Grinder for 5 turns
  2452 | D:3      | Slain by Grinder

Illustrated notes

Levels and vault maps discovered:
D:1:      dpeg_arrival_more_subterranean_lakeside_camping, layout_basic,
          dreamdust_ecumenical_altar_hidden_monk_grotto
D:2:      layout_loops_corners, minmay_shallow_snake_nest, uniq_robin
D:3:      layout_rooms, nicolae_overflow_hidden_temple,
          chequers_serial_rivers_micro_c, uniq_grinder

Skill      XL: |  1  2  3  4 |
---------------+-------------+-----
Stealth        | 1 2 |  2.0
Dodging        | 2 |  2.6
Ranged Weapons | 4 |  4.5
Fighting       | |  2.9

Action                     |  1- 3 |  4- 6 || total
---------------------------+-------+-------++-------
  Melee: Staff             |       |     6 ||     6
   Fire: Sling             |   188 |   134 ||   322
    Use: Potion            |       |     4 ||     4
         Scroll            |       |     1 ||     1
 Armour: Leather armour    |    10 |    33 ||    43
  Dodge: Dodged            |     7 |    23 ||    30

Table legend: (Time is in decaauts)
 A = Elapsed time spent in this place.
 B = Non-inter-level travel time spent in this place.
 C = Inter-level travel time spent in this place.
 D = Time resting spent in this place.
 E = Time spent auto-exploring this place.
 F = Levels seen in this place.
 G = Mean time per level.
                   A        B        C        D        E       F      G
               +--------+--------+--------+--------+--------+-----+--------+
         Total |   2494 |   2460 |     34 |    255 |   1831 |   3 |  831.3 |
       Dungeon |   2494 |   2460 |     34 |    255 |   1831 |   3 |  831.3 |
               +--------+--------+--------+--------+--------+-----+--------+

Top non-repeatable levels by time:
     D:2: 1222 daAuts
     D:1: 905 daAuts
     D:3: 366 daAuts
